 Dungeon Crawl Stone Soup version 0.21-a0-504-g2eda33064f (webtiles) character file.

75 Kaname the Conjurer (level 4, 10/30 HPs)
             Began as a Demonspawn Wizard on Nov 26, 2017.
             Quit the game on level 2 of the Dungeon.
             The game lasted 00:02:56 (840 turns).

Kaname the Conjurer (Demonspawn Wizard)              Turns: 840, Time: 00:02:57

Health: 10/30      AC:  4    Str:  7    XL:     4   Next: 11%
Magic:  1/8        EV: 12    Int: 21    God:
Gold:   32         SH:  0    Dex: 11    Spells: 3/9 levels left

rFire    . . .     SeeInvis .   h - +0 short sword
rCold    . . .     Gourm    .   (no shield)
rNeg     . . .     Faith    .   a - +0 robe
rPois    .         Spirit   .   (helmet restricted)
rElec    .         Reflect  .   (no cloak)
rCorr    .         Harm     .   (no gloves)
MR       .....                  (no boots)
Stlth    ++........             e - amulet of rage
HPRegen  0.10/turn              (no ring)
MPRegen  0.11/turn              (no ring)

@: no status effects
A: antennae 1, molten scales 1, powered by pain 1
a: Evoke Berserk Rage


You were on level 2 of the Dungeon.
You were not hungry.

You visited 1 branch of the dungeon, and saw 2 of its levels.

You collected 32 gold pieces.

Inventory:

Hand Weapons
 h - a +0 short sword (weapon)
Armour
 a - a +0 robe (worn)
Jewellery
 e - an amulet of rage (around neck)
Scrolls
 f - a scroll of noise {unknown}
 g - 2 scrolls of identify {unknown}
 i - 2 scrolls of fog {unknown}
 j - a scroll of remove curse {unknown}
 k - a scroll of enchant weapon {unknown}
 l - a scroll of fear {unknown}
Books
 c - a book of Minor Magic

   Spells                             Type                      Level
   a - Magic Dart                     Conjuration                  1
   b - Blink                          Translocation                2
   c - Call Imp                       Summoning                    2
   d - Slow                           Hexes                        2
   e - Conjure Flame                  Conjuration/Fire             3
   f - Mephitic Cloud                 Conjuration/Poison/Air       3
Comestibles
 b - a meat ration
 d - 2 bread rations
 m - a chunk of flesh


   Skills:
 - Level 1.7 Dodging
 - Level 1.7 Stealth
 - Level 3.0 Spellcasting
 + Level 3.4 Conjurations
   Level 1.0 Summonings
 - Level 1.3 Translocations
 - Level 1.1 Air Magic
 - Level 0.1 Poison Magic


You had 3 spell levels left.
You knew the following spells:

 Your Spells              Type           Power        Failure   Level  Hunger
a - Magic Dart            Conj           ###.         3%          1    None
b - Blink                 Tloc           N/A          12%         2    ##.....
c - Mephitic Cloud        Conj/Pois/Air  #.......     22%         3    ###....


Dungeon Overview and Level Annotations

Branches:
Dungeon (2/15)

Altars:


Innate Abilities, Weirdness & Mutations

You have a pair of small antennae on your head.
You are partially covered in molten scales. (AC +2)
You sometimes gain a little power by taking damage.


Message History

The hound zombie bites you.
Casting: Magic Dart
Confirm with . or Enter, or press ? or * to list all spells.
Aiming: Magic Dart
Press: ? - help, Shift-Dir - straight line, f/p - hound zombie
Aim: a hound zombie (almost destroyed)
The magic dart hits the hound zombie.
The hound zombie is almost destroyed.
The hound zombie misses you. The hound zombie bites you.
Casting: Magic Dart
Confirm with . or Enter, or press ? or * to list all spells.
Aiming: Magic Dart
Press: ? - help, Shift-Dir - straight line, f/p - hound zombie
Aim: a hound zombie (almost destroyed)
The magic dart hits the hound zombie.
You destroy the hound zombie!
You have reached level 4!
You feel clever.
Your demonic ancestry asserts itself...
Molten scales grow over part of your body.
Are you sure you want to abandon this character and quit the game? (Confirm with "yes".)

♣♣.♣♣ ####
♣...♣♣
...#
♣....♣
##.#####.#
#....#
.........#
....##
##.#######
....# #.#
#...# #.#
#@# #.#
#.########
#.#
#.........
##.#
#.########
...# #.#
#### #.#
#.# #.#
#.#


There were no monsters in sight!

Vanquished Creatures
  A hound zombie (D:2)
  3 adders (D:2)
  An ooze (D:1)
  A dart slug (D:1)
  A leopard gecko (D:2)
  2 ball pythons (D:1)
  3 goblins
  4 hobgoblins
  6 bats
  A frilled lizard (D:1)
  4 kobolds
  A rat (D:1)
28 creatures vanquished.

Notes
Turn   | Place    | Note
-------+----------+-------------------------------------------
     0 | D:1      | Kaname the Demonspawn Wizard began the quest for the Orb.
     0 | D:1      | Reached XP level 1. HP: 13/13 MP: 4/4
   109 | D:1      | Gained mutation: You sometimes gain a little power by taking damage. [demonic ancestry]
   109 | D:1      | Reached XP level 2. HP: 6/19 MP: 4/6
   132 | D:1      | Learned a level 2 spell: Blink
   528 | D:2      | Gained mutation: You have a pair of small antennae on your head. [demonic ancestry]
   528 | D:2      | Reached XP level 3. HP: 24/24 MP: 3/7
   603 | D:2      | Learned a level 3 spell: Mephitic Cloud
   610 | D:2      | Reached skill level 1 in Translocations
   713 | D:2      | Reached skill level 1 in Air Magic
   839 | D:2      | Gained mutation: You are partially covered in molten scales. (AC +2) [demonic ancestry]
   839 | D:2      | Reached XP level 4. HP: 10/30 MP: 1/8
   840 | D:2      | Quit the game

Vault maps used:
D:1:      minmay_arrival_four_circles, serial_park_tiny_pond
D:2:      kiku_gazebo_pond_becter, minmay_tall_x, uniq_jessica,
          uniq_crazy_yiuf_cottage

Skill      XL: |  1  2  3 |
---------------+----------+-----
Conjurations   | 2 3 |  3.4
Translocations | 1 |  1.3
Air Magic      | 1 |  1.1
Dodging        | |  1.7
Stealth        | |  1.7
Spellcasting   | |  3.0
Summonings     | |  1.0
Poison Magic   | |  0.1

Action                   |  1- 3 |  4- 6 || total
-------------------------+-------+-------++-------
Melee: Unarmed           |    14 |       ||    14
       Short sword       |     1 |       ||     1
 Cast: Magic Dart        |    64 |     1 ||    65
Armor: Robe              |     5 |       ||     5
Dodge: Dodged            |    21 |       ||    21

Table legend:
 A = Spawn XP
 B = Non-spawn XP
 C = Spawn XP percentage of total XP
 D = Spawn monster count
 E = Non-spawn monster count
 F = Spawn count percentage of total count
 G = Total turns spent on level
                    A         B        C        D         E        F      G
               +---------+---------+-------+---------+---------+-------+---------
         Total |       0 |     108 |   0.0 |       0 |      28 |   0.0 |   840
               +---------+---------+-------+---------+---------+-------+---------
           D:1 |       0 |      26 |   0.0 |       0 |      13 |   0.0 |   473
           D:2 |       0 |      82 |   0.0 |       0 |      15 |   0.0 |   367
               +---------+---------+-------+---------+---------+-------+---------
